 Dungeon Crawl Stone Soup version 0.19.0-24-gb05acd6 (webtiles) character file.

1605 Ladykiller69 the Grappler (level 8, -5/75 HPs)
             Began as a Troll Abyssal Knight on Nov 20, 2016.
             Was an Elder of Lugonu.
             Slain by a hippogriff (6 damage)
             ... on level 9 of the Dungeon.
             The game lasted 00:14:32 (3781 turns).

Ladykiller69 the Grappler (Troll Abyssal Knight)    Turns: 3781, Time: 00:14:32

Health: -5/75      AC:  7    Str: 21    XL:     8   Next: 63%
Magic:  8/8        EV: 12    Int:  8    God:    Lugonu [****..]
Gold:   292        SH:  0    Dex: 11    Spells: 0 memorised, 7 levels left

rFire  . . .     SeeInvis .       - Unarmed
rCold  . . .     Gourm    +     D - +2 robe {Archmagi}
rNeg   . . .     Faith    .     (no shield)
rPois  .         Spirit   .     (helmet restricted)
rElec  .         Reflect  .     (no cloak)
rCorr  .         Harm     .     (gloves unavailable)
MR     .....                    (boots unavailable)
Stlth  +.........               (no amulet)
                                (no ring)
                                (no ring)

@: no status effects
A: unfitting armour, claws 3, fast metabolism 3, gourmand, regeneration 1,
shaggy fur 1, tough skin 2
a: Depart the Abyss, Bend Space, Banish, Corrupt, Renounce Religion


You were on level 9 of the Dungeon.
You worshipped Lugonu.
Lugonu was greatly pleased with you.
You were very full.

You visited 1 branch of the dungeon, and saw 7 of its levels.
You visited the Abyss 1 time.

You collected 292 gold pieces.

Inventory:

Missiles
 i - 198 stones (quivered)
 x - 3 tomahawks
Armour
 a - a +0 robe
 D - a +2 robe of the Archmagi (worn)
Jewellery
 l - a +2 ring of slaying {unknown}
 m - a +4 ring of intelligence {unknown}
 E - an uncursed ring of see invisible {unknown}
Wands
 z - a wand of iceblast (10/15)
Scrolls
 c - a scroll of fear
 d - 4 scrolls of teleportation {unknown}
 g - a scroll of remove curse {unknown}
 k - 6 scrolls of identify {unknown}
 p - a scroll of magic mapping {unknown}
 r - a scroll of immolation {unknown}
 v - a scroll of amnesia {unknown}
 y - a scroll of enchant armour {unknown}
 A - a scroll of random uselessness {unknown}
 F - a scroll of blinking {unknown}
 H - a scroll of recharging {unknown}
Potions
 e - a potion of invisibility {unknown}
 h - a potion of berserk rage {unknown}
 j - a potion of ambrosia {unknown}
 n - 2 potions of curing {unknown}
 o - 2 potions of mutation {unknown}
 s - 2 potions of lignification {unknown}
 t - a potion of heal wounds {unknown}
 w - a potion of might {unknown}
 B - 2 potions of resistance {unknown}
 C - a potion of flight {unknown}
Comestibles
 b - 3 bread rations
 f - 4 meat rations
 q - 2 beef jerkies
 u - 7 fruits
 G - 2 chunks of flesh


   Skills:
 - Level 3.0 Fighting
 + Level 5.6 Dodging
 * Level 8.7 Unarmed Combat
 - Level 2.0 Invocations


You had 7 spell levels left.
You didn't know any spells.

Dungeon Overview and Level Annotations

Branches:
Dungeon (6/15)
 Temple: D:4-7

Altars:
Ashenzari
Dithmenos
Nemelex Xobeh

Shops:
D:4 }


Innate Abilities, Weirdness & Mutations

You are too large for most types of armour.
You have claws for hands.
Your metabolism is lightning-fast.
You like to eat raw meat.
Your natural rate of healing is unusually fast.
You are covered in fur. (AC +1)
You have very tough skin. (AC +2)


Message History

The orc yells at you, "GO AWAY!"
Cornered, the hippogriff turns to fight!
You barely miss the hippogriff.
The hippogriff is lightly wounded.
The hippogriff barely misses you. x2
The hippogriff claws you but does no damage.
You barely miss the hippogriff. You claw the hippogriff!
The hippogriff is moderately wounded.
You scratch the hippogriff.
The hippogriff is moderately wounded.
The hippogriff bites you.
* * * LOW HITPOINT WARNING * * *
The hippogriff misses you.
The hippogriff claws you but does no damage.
You scratch the hippogriff.
The hippogriff is heavily wounded.
The hippogriff bites you.
* * * LOW HITPOINT WARNING * * *
The hippogriff pecks you.
You die...

#########
###.......#
##.........#
###..........##
#..........<.5####
#..........###ZH@#
#..........# #####
#..........#
...........#
#.........##
#.........#
##........#
##......##
##....##


You could see a hippogriff, a crimson imp and a worker ant zombie.

Vanquished Creatures
  Pikel (D:4)
  Edmund (D:4)
  An ogre (D:4)
  A sky beast (D:5)
  A crocodile (D:6)
  A scorpion (D:4)
  2 crimson imps
  A hound (D:4)
  3 orc priests
  A bullfrog skeleton (D:6)
  Jessica (D:2)
  An iguana (D:4)
  9 worker ants
  10 adders
  An adder skeleton (D:5)
  5 worms
  2 dart slugs
  5 leopard geckos
  14 orcs
  8 giant cockroaches
  5 goblins
  7 hobgoblins
  12 jackals
  5 quokkas
  2 ball pythons (D:3)
  5 bats
  5 frilled lizards
  A jackal skeleton (D:4)
  5 kobolds
  A leopard gecko skeleton (D:6)
  A quokka skeleton (D:5)
  11 rats
129 creatures vanquished.

Notes
Turn   | Place    | Note
-------+----------+-------------------------------------------
     0 | Abyss:1  | Ladykiller69 the Troll Abyssal Knight began the quest for the Orb.
     0 | Abyss:1  | Reached XP level 1. HP: 22/22 MP: 1/1
    31 | Abyss:1  | Noticed an insubstantial wisp
    36 | D:1      | Escaped the Abyss
   157 | D:1      | Reached * piety under Lugonu
   157 | D:1      | Reached XP level 2. HP: 29/29 MP: 2/2
   505 | D:1      | Reached XP level 3. HP: 37/37 MP: 3/3
   725 | D:2      | Reached XP level 4. HP: 42/45 MP: 4/4
   829 | D:2      | Noticed Jessica
   843 | D:2      | Killed Jessica
   843 | D:2      | Reached skill level 3 in Unarmed Combat
   848 | D:2      | Reached ** piety under Lugonu
  1116 | D:3      | Found a sparkling altar of Nemelex Xobeh.
  1202 | D:3      | Reached XP level 5. HP: 53/53 MP: 5/5
  1325 | D:2      | Found a shattered altar of Ashenzari.
  1415 | D:3      | Reached skill level 4 in Unarmed Combat
  1544 | D:3      | Reached *** piety under Lugonu
  1667 | D:3      | Found a shadowy altar of Dithmenos.
  1775 | D:4      | Noticed an ogre
  1787 | D:4      | Killed an ogre
  1787 | D:4      | Reached XP level 6. HP: 28/61 MP: 6/6
  1900 | D:4      | Found Acuutini's Gadget Boutique.
  1931 | D:4      | Reached skill level 5 in Unarmed Combat
  2069 | D:5      | Entered Level 5 of the Dungeon
  2138 | D:5      | Noticed a sky beast
  2155 | D:5      | Killed a sky beast
  2217 | D:5      | Reached XP level 7. HP: 67/67 MP: 7/7
  2358 | D:4      | Noticed Edmund
  2368 | D:4      | Killed Edmund
  2368 | D:4      | Reached skill level 6 in Unarmed Combat
  2500 | D:4      | Noticed Pikel
  2532 | D:4      | Killed Pikel
  2532 | D:4      | Reached skill level 5 in Dodging
  2532 | D:4      | Reached skill level 7 in Unarmed Combat
  2532 | D:4      | Reached XP level 8. HP: 4/75 MP: 8/8
  2836 | D:4      | Reached skill level 8 in Unarmed Combat
  3403 | D:6      | Reached **** piety under Lugonu
  3657 | D:6      | You fall through a shaft for 3 floors!
  3657 | D:9      | Noticed a hippogriff
  3781 | D:9      | HP: 1/75 [hippogriff (6)]
  3781 | D:9      | Slain by a hippogriff

Skill      XL: |  1  2  3  4  5  6  7  8 |
---------------+-------------------------+-----
Dodging        | 2 3 4 5 |  5.6
Fighting       | 3 |  3.0
Invocations    | 2 |  2.0
Unarmed Combat | 3 4 5 7 8 |  8.7

Action                   |  1- 3 |  4- 6 |  7- 9 || total
-------------------------+-------+-------+-------++-------
Melee: Unarmed           |    93 |   204 |   141 ||   438
       Punch             |     1 |     4 |     6 ||    11
Invok: Depart the Abyss  |     1 |       |       ||     1
       Bend Space        |       |       |     1 ||     1
  Use: Scroll            |       |       |     1 ||     1
 Stab: Sleeping          |       |     1 |       ||     1
  Eat: Chunk             |    12 |    14 |    13 ||    39
Armor: Robe              |    38 |    69 |    30 ||   137
Dodge: Dodged            |    37 |   136 |    54 ||   227
